 Dungeon Crawl Stone Soup version 0.30-a0-743-gbfdf073431 (webtiles) character file.

Game seed: 11287628215958180026

48005 runemasterragnar the Thaumaturge (level 13, -21/118 (122) HPs)
             Began as a Purple Draconian Transmuter on Feb 8, 2023.
             Was the Champion of Ru.
             Demolished by an enormous slime creature (75 damage)
             ... on level 12 of the Dungeon.
             The game lasted 00:36:54 (18278 turns).

runemasterragnar the Thaumaturge (DrTm)            Turns: 18278, Time: 00:36:55

HP:   -21/118 (122) AC: 14    Str: 13    XL:     13   Next: 10%
MP:   19/27         EV: 13    Int: 17    God:    Ru [******]
Gold: 1345          SH:  0    Dex: 13    Spells: 13/33 levels left

rFire   x . .      SeeInvis .      - Unarmed
rCold   + + +      Faith    .    (shield unavailable)
rNeg    . . .      Spirit   .    (body armour unavailable)
rPois   +          Reflect  .    (helmet currently unavailable)
rElec   .          Harm     .    (cloak currently unavailable)
rCorr   .          Rampage  .    (gloves currently unavailable)
Will    +....                    (boots currently unavailable) Stlth
                                 A - amulet of the acrobat
HPRegen 0.39/turn                (ring unavailable)
MPRegen 0.20/turn                m - +4 ring of protection

@: exhausted, about to teleport, ice-form, wereblooded, studying Short Blades,
lightly drained
A: freezing attack, amphibious, boosted hp, (breathe power), AC +8, large,
unfitting armour, frail 1, (cold-blooded), missing a hand, no stealth,
inexperienced 1
a: End Transformation, Renounce Religion, Draw Out Power, Power Leap, Apocalypse


You were on level 12 of the Dungeon.
You worshipped Ru.
Ru was exalted by your worship.
You were a creature of crystalline ice.
You visited 2 branches of the dungeon, and saw 17 of its levels.

You collected 1405 gold pieces.
You spent 60 gold pieces at shops.

Inventory:

Hand Weapons
 q - a +2 scimitar of flaming
 s - the +4 long sword of the Past (melded) {spect, rF+ Will+ Dex+3}
   (You found it on level 5 of the Dungeon)

   Dex:       It affects your dexterity (+3).
   rF:        It protects you from fire.
   Will:      It increases your willpower.
Magical Staves
 f - a staff of poison
Jewellery
 h - a +5 ring of evasion
 m - a +4 ring of protection (right front paw)
 A - an amulet of the acrobat (around neck)
 C - an amulet of magic regeneration
 D - a ring of wizardry
 J - a +6 ring of strength
 N - a +6 ring of dexterity
Wands
 a - a wand of flame (41)
 b - a wand of acid (11)
 u - a wand of iceblast (9)
Scrolls
 d - a scroll of acquirement {unknown}
 e - 6 scrolls of amnesia
 g - 4 scrolls of enchant weapon {unknown}
 i - 4 scrolls of teleportation
 j - 4 scrolls of magic mapping
 k - 3 scrolls of enchant armour
 n - a scroll of poison
 p - 6 scrolls of noise {unknown}
 t - 5 scrolls of immolation
 x - 4 scrolls of blinking {unknown}
 y - 4 scrolls of vulnerability
 z - 8 scrolls of identify
 H - a scroll of summoning {unknown}
 I - a scroll of fear {unknown}
 M - a scroll of fog
Potions
 c - 3 potions of flight
 l - 2 potions of berserk rage
 o - 3 potions of brilliance
 r - 4 potions of degeneration
 v - a potion of resistance {unknown}
 w - 6 potions of might {unknown}
 B - 4 potions of heal wounds {unknown}
 F - a potion of mutation {unknown}
 G - a potion of curing
 L - 2 potions of lignification
Miscellaneous
 E - a lightning rod (4/4)


   Skills:
 + Level 10.6 Fighting
 + Level 9.1 Dodging
 + Level 10.0 Unarmed Combat
 + Level 10.9 Spellcasting
 - Level 10.6 Transmutations
 * Level 10.5 Ice Magic
 - Level 3.5 Poison Magic
 + Level 6.4 Evocations


You had 13 spell levels left.
You knew the following spells:

 Your Spells              Type           Power      Damage    Failure   Level
a - Beastly Appendage     Tmut           90%        N/A       1%          1
b - Wereblood             Tmut           45%        N/A       1%          2
c - Spider Form           Tmut/Pois      33%        N/A       1%          3
d - Ice Form              Ice/Tmut       45%        N/A       1%          4
e - Ozocubu's Armour      Ice            45%        N/A       1%          3
f - Ozocubu's Refrigerat  Ice            22%        4d12      65%         7

Your spell library contained the following spells:

 Spells                   Type           Power      Damage    Failure   Level
 Sting                    Tmut/Pois      100%       1d8       1%          1
 Poisonous Vapours        Pois/Air       30%        N/A       5%          2
 Shock                    Conj/Air       36%        1d5       8%          1
 Slow                     Hex            36%        N/A       8%          1
 Summon Small Mammal      Summ           36%        N/A       8%          1
 Static Discharge         Conj/Air       18%        2-3/arc   12%         2
 Olgreb's Toxic Radiance  Pois           21%        N/A       19%         4
 Call Canine Familiar     Summ           9%         N/A       24%         3
 Confusing Touch          Hex            9%         N/A       24%         3
 Summon Guardian Golem    Hex/Summ       9%         N/A       24%         3
 Swiftness                Air            9%         N/A       24%         3
 Vampiric Draining        Necr           9%         2d6       24%         3
 Vhi's Electric Charge    Tloc/Air       18%        N/A       24%         3
 Airstrike                Air            4%         2d(1-17)  61%         4
 Arcjolt                  Conj/Air       4%         1d14      91%         5
 Iskenderun's Battlesphe  Conj           9%         2d6       91%         5
 Lightning Bolt           Conj/Air       4%         1d16      91%         5
 Iron Shot                Conj/Erth      4%         9d2       100%        6
 Spellforged Servitor     Conj/Summ      4%         N/A       100%        7


Dungeon Overview and Level Annotations

Branches:
Dungeon (12/15)            Temple (0/1) D:7            Lair (5/5) D:9
  Swamp (0/4) Lair:3        Snake (0/4) Lair:2        Slime (0/5) Lair:5
    Orc: D:9-12

Altars:
Ashenzari
Dithmenos
Elyvilon
Hepliaklqana
Makhleb
Nemelex Xobeh
Okawaru
Ru
Sif Muna
Uskayaw
Wu Jian
Xom
Zin
The Shining One
Jiyva

Shops:
D:1 ?   D:3 *   D:7 *

Annotations:
Lair:4 4 runed translucent doors, croobank's ghost, journeyman OpDe


Innate Abilities, Weirdness & Mutations

You are a creature of crystalline ice.
You have a powerful freezing melee attack.
You are amphibious.
Your maximum health is increased.
Your armour is entirely melded.
You are incapable of wielding weapons or throwing items.
((You can breathe bolts of dispelling energy.))
((Your rich purple scales are hard. (AC +8)))
You cannot fit into any form of body armour.
You are frail. (-10% HP)
((You are cold-blooded and may be slowed by cold attacks.))
You are missing a hand.
You cannot be stealthy.
You are somewhat inexperienced. (-1 XL)


Message History

A slime creature comes into view.
Two slime creatures merge to form a large slime creature.
You completely miss the large slime creature.
A slime creature comes into view. x2
You hit the large slime creature. You freeze the large slime creature.
The large slime creature is lightly wounded.
Two slime creatures merge to form a very large slime creature.
Two slime creatures merge to form an enormous slime creature.
A slime creature comes into view.
You pummel the enormous slime creature!!
You freeze the enormous slime creature.
The enormous slime creature is lightly wounded.
Aiming: Power Leap
Press: ? - help, Dir - move target The enormous slime creature hits you!!!
The slime creature hits you but does no damage.
The slime creature closely misses you.
Unknown command.
Unknown command.
Okay, then.
As you read the scroll of teleportation, it crumbles to dust.
You feel strangely unstable.
You redirect the enormous slime creature's attack!
The enormous slime creature hits itself!!!
The slime creature hits you. The slime creature hits you!
The slime creature attacks as you move away!
The slime creature completely misses you.
The slime creature attacks as you move away!
The slime creature hits you!
The slime creature attacks as you move away!
The slime creature hits you but does no damage.
The slime creature attacks as you move away!
The slime creature closely misses you.
You pummel the slime creature!! You freeze the slime creature.
You feel a bit better.
You kill the slime creature!
You howl as the wereblood boils in your veins!
The enormous slime creature hits you!!!!
Ouch! That really hurt!
You die...

#.. ##..##..##
#..# ##.......#
...####........#
#..#..........#
#.............#
#...)####...#...
#....####..######
#.J....##..#
#Y.........#
#.J..####.##
...$.# # ......#
...###... ####
##.. #.. ..


You could see an enormous slime creature and a slime creature.

Vanquished Creatures
  A dire elephant (Lair:5)
  A fire dragon (Lair:5)
  4 hydras
  Erica (D:8)
  2 catoblepae (Lair:5)
  A two-headed ogre (D:9)
  5 death yaks (Lair:3)
  A swamp dragon (Lair:5)
  A lindwurm (Lair:5)
  Pikel (D:4)
  2 wolf spiders (Lair:5)
  An ugly thing (D:11)
  6 elephants (Lair:5)
  3 manticores
  A guardian serpent (Lair:2)
  6 black mambas
  15 cane toads
  A molten gargoyle (Lair:1)
  A gargoyle (D:12)
  A torpor snail (Lair:2)
  6 rime drakes
  8 komodo dragons
  A kobold demonologist (D:10)
  A polar bear (Lair:3)
  2 trolls (D:11)
  Grinder (D:3)
  A hornet (Lair:3)
  7 blink frogs
  3 slime creatures
  Sigmund (D:6)
  A shadow (D:10)
  6 wyverns
  28 yaks
  A fire elemental (Lair:1)
  3 wraiths
  5 basilisks
  15 vampire mosquitoes
  A human (Lair:4)
  5 steam dragons
  An acid dragon (Lair:5)
  29 water moccasins
  5 orc warriors
  3 swamp drakes
  6 ice beasts
  A sky beast (D:4)
  4 black bears
  2 centaurs
  3 phantoms
  8 wolves
  2 ogres
  A kobold brigand (D:8)
  12 bullfrogs
  A gnoll sergeant (D:9)
  3 necrophages
  A scorpion (D:4)
  5 wights (D:7)
  20 killer bees
  4 hounds
  7 jellies
  7 orc priests
  Terence (D:2)
  Jessica (D:3)
  10 iguanas
  10 orc wizards
  6 gnolls
  22 adders
  2 shadow imps
  3 white imps (D:7)
  A worm (D:4)
  2 dart slugs
  31 orcs
  2 endoplasms (D:4)
  4 giant cockroaches
  6 goblins
  3 hobgoblins
  4 jackals (D:1)
  15 kobolds
  2 quokkas (D:4)
  11 ball pythons
  10 bats
  2 frilled lizards
  5 rats
429 creatures vanquished.

Vanquished Creatures (collateral kills)
  A death yak (Lair:3)
  A torpor snail (Lair:5)
  A rime drake (Lair:5)
  A wolf (D:9)
  A bullfrog (D:9)
5 creatures vanquished.

Vanquished Creatures (others)
  A hydra (Lair:5)
  A wolf spider (Lair:5)
  2 cane toads
  A yak (Lair:3)
  A killer bee (D:8)
  An iguana (Lair:5)
  A gnoll (D:5)
  An orc (D:8)
  A kobold (D:8)
  9 fungi
  23 plants
42 creatures vanquished.

Grand Total: 476 creatures vanquished

Notes
Turn   | Place    | Note
-------+----------+-------------------------------------------
     0 | D:1      | runemasterragnar the Draconian Transmuter began the quest
                  | for the Orb.
     0 | D:1      | Reached XP level 1. HP: 16/16 MP: 3/3
    98 | D:1      | Found a faded altar of an unknown god.
   131 | D:1      | Prayed at the altar of an unknown god.
   131 | D:1      | Became a worshipper of Ru the Awakened
   134 | D:1      | Gained mutation: You are missing a hand. [Ru sacrifice]
   134 | D:1      | Reached * piety under Ru
   134 | D:1      | Reached ** piety under Ru
   134 | D:1      | Reached *** piety under Ru
   158 | D:1      | Found The Oracle's Delphic Readings.
   200 | D:1      | Reached XP level 2. HP: 18/23 MP: 3/5
   361 | D:1      | Learned a level 2 spell: Wereblood
   819 | D:2      | Reached XP level 3. HP: 28/28 MP: 4/6
  1198 | D:2      | Learned a level 3 spell: Spider Form
  1222 | D:2      | Noticed Terence
  1239 | D:2      | Killed Terence
  1454 | D:3      | Noticed Grinder
  1454 | D:3      | Paralysed by Grinder for 4 turns
  1475 | D:3      | Killed Grinder
  1476 | D:3      | Reached skill level 1 in Poison Magic
  1476 | D:3      | Reached XP level 4. HP: 32/37 MP: 6/8
  1476 | D:3      | Reached XP level 5. HP: 36/42 MP: 6/9
  1517 | D:3      | Found Zin's Purification Station.
  1522 | D:3      | Found a glowing silver altar of Zin.
  1628 | D:3      | Found a glowing golden altar of the Shining One.
  1712 | D:3      | Found an iron altar of Okawaru.
  1857 | D:3      | Found a white marble altar of Elyvilon.
  1898 | D:3      | Noticed Jessica
  1901 | D:3      | Killed Jessica
  1902 | D:3      | Reached XP level 6. HP: 50/50 MP: 8/10
  2073 | D:3      | Found a hide-covered altar of Uskayaw.
  2175 | D:3      | Found a hazy altar of Hepliaklqana.
  2385 | D:1      | Bought a scroll of identify for 24 gold pieces
  2385 | D:1      | Bought a scroll of teleportation for 36 gold pieces
  2487 | D:4      | Found a shadowy altar of Dithmenos.
  2613 | D:4      | Gained mutation: You cannot be stealthy. [Ru sacrifice]
  2670 | D:4      | Found an ornate altar of the Wu Jian Council.
  2974 | D:4      | Noticed a sky beast
  2984 | D:4      | Killed a sky beast
  3086 | D:4      | Noticed an orc warrior
  3091 | D:4      | Your scales start taking on a rich purple colour.
  3091 | D:4      | Reached XP level 7. HP: 57/57 MP: 6/12
  3320 | D:4      | Noticed Pikel
  3338 | D:4      | Killed Pikel
  3339 | D:4      | Reached skill level 5 in Transmutations
  3339 | D:4      | Reached XP level 8. HP: 33/66 MP: 10/15
  3655 | D:5      | Entered Level 5 of the Dungeon
  3658 | D:5      | Identified the +4 long sword of the Past {spect, rF+ Will+
                  | Dex+3}
  3959 | D:5      | Reached skill level 5 in Spellcasting
  3965 | D:5      | Learned a level 4 spell: Ice Form
  3981 | D:5      | Learned a level 3 spell: Ozocubu's Armour
  4002 | D:5      | Reached skill level 5 in Unarmed Combat
  4600 | D:6      | Noticed Sigmund
  4611 | D:6      | Killed Sigmund
  4637 | D:6      | Reached skill level 1 in Ice Magic
  4682 | D:6      | Reached XP level 9. HP: 72/73 MP: 17/17
  4687 | D:6      | Gained mutation: You are frail. (-10% HP) [Ru sacrifice]
  4687 | D:6      | Reached **** piety under Ru
  4687 | D:6      | Reached ***** piety under Ru
  4809 | D:6      | Found a sparkling altar of Nemelex Xobeh.
  4836 | D:6      | Reached skill level 5 in Fighting
  4836 | D:6      | HP: 2/66 [vampire mosquito (10)]
  5613 | D:6      | Reached skill level 5 in Dodging
  6030 | D:6      | Found a shimmering blue altar of Sif Muna.
  6362 | D:7      | Reached XP level 10. HP: 74/74 MP: 11/19
  6424 | D:7      | Found Fuffastras's Assorted Antiques.
  6781 | D:7      | Found a staircase to the Ecumenical Temple.
  7151 | D:8      | Found a shimmering altar of Xom.
  7151 | D:8      | Found a shimmering altar of Xom.
  7230 | D:8      | Found a sacrificial altar of Ru.
  7483 | D:8      | Noticed Erica
  7494 | D:8      | Killed Erica
  7618 | D:8      | Found a shimmering altar of Xom.
  7618 | D:8      | Found a shimmering altar of Xom.
  7618 | D:8      | Found a shimmering altar of Xom.
  7674 | D:8      | Found a shimmering altar of Xom.
  7675 | D:8      | Found a shimmering altar of Xom.
  7677 | D:8      | Found a shimmering altar of Xom.
  7785 | D:9      | Found a staircase to the Lair.
  8174 | D:9      | Reached XP level 11. HP: 71/82 MP: 22/22
  8373 | D:9      | Found a burning altar of Makhleb.
  8514 | D:10     | Entered Level 10 of the Dungeon
  8635 | D:10     | Reached skill level 5 in Ice Magic
  8968 | D:9      | Noticed a two-headed ogre
  9071 | D:10     | Reached skill level 10 in Transmutations
  9532 | D:9      | Killed a two-headed ogre
  9593 | Lair:1   | Entered Level 1 of the Lair of Beasts
 10355 | Lair:1   | Learned a level 7 spell: Ozocubu's Refrigeration
 10931 | Lair:2   | Reached skill level 1 in Evocations
 10933 | Lair:2   | Found a staircase to the Snake Pit.
 11213 | Lair:2   | Found the +4 skin of Zhor {*Englaciate rC+++ SInv}
 11245 | Lair:2   | Reached XP level 12. HP: 91/91 MP: 13/24
 11666 | Lair:2   | Gained mutation: You are somewhat inexperienced. (-1 XL)
                  | [Ru sacrifice]
 11666 | Lair:2   | Reached XP level 11. HP: 102/102 MP: 23/23
 11666 | Lair:2   | Reached ****** piety under Ru
 12280 | Lair:3   | Noticed a death yak
 12280 | Lair:3   | Noticed a death yak
 12281 | Lair:3   | Noticed a death yak
 12282 | Lair:3   | Noticed a death yak
 12283 | Lair:3   | Noticed a death yak
 12295 | Lair:3   | Killed a death yak
 12298 | Lair:3   | Noticed a death yak
 12300 | Lair:3   | Killed a death yak
 12306 | Lair:3   | Killed a death yak
 12308 | Lair:3   | Killed a death yak
 12311 | Lair:3   | Killed a death yak
 12316 | Lair:3   | Killed a death yak
 12592 | Lair:3   | Noticed a four-headed hydra
 12598 | Lair:3   | Killed a four-headed hydra
 12675 | Lair:3   | Found a staircase to the Swamp.
 13057 | Lair:3   | Noticed a four-headed hydra
 13086 | Lair:3   | Killed a four-headed hydra
 13087 | Lair:3   | Reached XP level 12. HP: 84/94 MP: 15/25
 13687 | Lair:4   | Found a runed translucent gate.
 13687 | Lair:4   | Found a runed translucent gate.
 13699 | Lair:4   | Found a runed translucent gate.
 13700 | Lair:4   | Noticed a minotaur
 13701 | Lair:4   | Noticed croobank's ghost (journeyman OpDe)
 14230 | Lair:4   | Reached skill level 10 in Spellcasting
 14266 | Lair:4   | Found a runed translucent door.
 14714 | Lair:4   | Noticed a reaper
 14747 | Lair:5   | Entered Level 5 of the Lair of Beasts
 14757 | Lair:5   | Reached skill level 5 in Evocations
 15315 | Lair:5   | Reached skill level 10 in Fighting
 15398 | Lair:5   | Found a broken altar of Ashenzari.
 15912 | Lair:5   | Noticed a dire elephant
 15921 | Lair:5   | Killed a dire elephant
 16041 | Lair:5   | Reached skill level 10 in Ice Magic
 16617 | Lair:5   | Noticed a fire dragon
 16626 | Lair:5   | Killed a fire dragon
 16794 | Lair:5   | Found a viscous altar of Jiyva.
 16838 | Lair:5   | Found a staircase to the Slime Pits.
 17507 | D:11     | Reached XP level 13. HP: 87/87 MP: 18/27
 17517 | D:11     | Reached skill level 10 in Unarmed Combat
 18278 | D:12     | Demolished by an enormous slime creature

Illustrated notes

Levels and vault maps discovered:
D:1:      evilmike_arrival_hilbert_curve, layout_basic,
          dreamdust_ecumenical_altar_angels_and_demons,
          nicolae_nh_oracle_at_delphi
D:2:      layout_rooms, serial_glass, glass_columns_b, glass_columns_c,
          kennysheep_crisscross, kennysheep_boxes, uniq_terence,
          uniq_crazy_yiuf_cottage
D:3:      layout_loops_ring, nicolae_tso_swordbearing_angel,
          okawaru_metal_pillars_1_2, worldfamousw_hep_ancestral_shrine,
          mainiacjoe_overflow_surrounded_room, zin_purify,
          nicolae_uskayaw_murder_on_the_dancefloor, uniq_jessica, uniq_grinder
D:4:      layout_gridville, mainiacjoe_overflow_paths,
          nzn_wu_jian_contemplation, minmay_quantized, uniq_pikel
D:5:      layout_cave_pods
D:6:      minmay_recursive_quarters, layout_basic, old_standard_altar,
          kennysheep_orc_sif_temple, uniq_sigmund
D:7:      layout_cave_pools, minmay_temple_entry_nine_rooms, serial_shops,
          nicolae_shop_trees, kennysheep_decorative_pillar
D:8:      layout_rooms, xom_shifter_show, hangedman_ru_absence,
          item_on_display_b, uniq_erica
D:9:      layout_basic, bloody_makhleb, hellmonk_lair_entry_icy,
          minmay_misc_feat_square, serial_park_tiny_1
D:10:     layout_loops_cross, serial_shops, shop_statue
D:11:     layout_roguey
D:12:     cross_vault, layout_layer_cave, erik_orc_2, serial_shops,
          nicolae_shop_hallway_stairs, trog_ov_bears_minmay
Lair:1:   layout_gridlike, lemuel_another_geyser
Lair:2:   lemuel_reptile_caves, layout_concentric_octagons,
          minmay_snake_entry_spellcaster, hellmonk_guarded_unrand_zhor
Lair:3:   layout_cave_pods, swamp_mist, infiniplex_staircase_pool_2,
          grunt_megastairs_1
Lair:4:   layout_regular_city, maelrawn_ghost_gauntlet_escape,
          pdpol_lair_cabin_in_the_woods
Lair:5:   guppyfry_lair_end_dragon, layout_loops_ring, hangedman_lair_in_review,
          nicolae_slime_entry_field_trip, basic_altar,
          chequers_serial_rivers_micro_e, grunt_forest_small_clearings

Skill      XL: |  1  2  3  4  5  6  7  8  9 10 11 12 13 |
---------------+----------------------------------------+-----
Dodging        | 2 3 4 5 6 8 9 |  9.1
Transmutations | 3 4 5 6 8 9 10 | 10.6
Fighting       | 2 3 4 5 7 9 10 | 10.6
Poison Magic   | 1 2 3 |  3.5
Spellcasting   | 3 4 5 6 7 9 10 | 10.9
Unarmed Combat | 4 5 6 7 9 10 | 10.0
Ice Magic      | 1 3 4 8 10 | 10.5
Evocations     | 4 6 |  6.4

Action                     |  1- 3 |  4- 6 |  7- 9 | 10-12 | 13-15 || total
---------------------------+-------+-------+-------+-------+-------++-------
  Melee: Unarmed           |    83 |    86 |    98 |   686 |    67 ||  1020
         Kick              |    17 |    12 |    16 |    12 |       ||    57
         Headbutt          |    15 |     4 |    12 |     6 |       ||    37
         Tailslap          |     5 |     8 |    13 |    12 |       ||    38
         Staff             |     5 |       |       |       |       ||     5
         Long sword        |       |       |    91 |    95 |       ||   186
   Cast: Beastly Appendage |    23 |    24 |    13 |     8 |       ||    68
         Spider Form       |       |     5 |     4 |       |       ||     9
         Wereblood         |       |     2 |     6 |    33 |     4 ||    45
         Ozocubu's Armour  |       |       |     4 |    28 |       ||    32
         Ice Form          |       |       |     3 |    72 |     5 ||    80
 Invoke: Sacrifice a Hand  |     1 |       |       |       |       ||     1
         Sacrifice Stealth |       |     1 |       |       |       ||     1
         Power Leap        |       |       |     3 |     9 |     1 ||    13
         Sacrifice Health  |       |       |     1 |       |       ||     1
         Apocalypse        |       |       |       |     4 |       ||     4
         Reject Sacrifices |       |       |       |     1 |       ||     1
         Sacrifice Experie |       |       |       |     1 |       ||     1
Ability: Breathe Dispellin |       |       |     1 |     4 |       ||     5
         End Transformatio |       |       |       |     1 |       ||     1
  Evoke: Wand              |       |       |       |    18 |       ||    18
    Use: Potion            |     2 |       |     2 |     2 |       ||     6
         Scroll            |     1 |     4 |     4 |     6 |     1 ||    16
   Stab: Sleeping          |     1 |     1 |       |       |       ||     2
         Invisible         |     1 |       |     1 |     7 |       ||     9
         Distracted        |       |       |     2 |     4 |     3 ||     9
         Confused          |       |       |     1 |       |       ||     1
         Paralysed         |       |       |       |    18 |       ||    18
 Armour: Skin              |    32 |    21 |    68 |   332 |    17 ||   470
  Dodge: Dodged            |    47 |    55 |   153 |   506 |    35 ||   796

Table legend: (Time is in decaauts)
 A = Elapsed time spent in this place.
 B = Non-inter-level travel time spent in this place.
 C = Inter-level travel time spent in this place.
 D = Time resting spent in this place.
 E = Time spent auto-exploring this place.
 F = Levels seen in this place.
 G = Mean time per level.
                   A        B        C        D        E       F      G
               +--------+--------+--------+--------+--------+-----+--------+
         Total |  18263 |  17615 |    648 |   1686 |  12907 |  17 | 1074.3 |
       Dungeon |  10667 |  10224 |    443 |   1072 |   7276 |  12 |  888.9 |
          Lair |   7596 |   7391 |    205 |    614 |   5630 |   5 | 1519.2 |
               +--------+--------+--------+--------+--------+-----+--------+

Top non-repeatable levels by time:
  Lair:5: 1977 daAuts
  Lair:4: 1647 daAuts
  Lair:2: 1412 daAuts
  Lair:3: 1361 daAuts
     D:6: 1284 daAuts
     D:5: 1235 daAuts
  Lair:1: 1196 daAuts
     D:4: 1188 daAuts
     D:9: 1052 daAuts
     D:8: 1024 daAuts
     D:3: 928 daAuts
    D:10: 894 daAuts
    D:11: 804 daAuts
     D:1: 789 daAuts
     D:2: 736 daAuts
